 Dungeon Crawl Stone Soup version 0.31-a0-851-g7ff8af7976 (webtiles) character file.

Game seed: 10392934258480288600

5 Kurtz the Sneak (level 1, -1/18 HPs)
             Began as a Mummy Delver on Oct 6, 2023.
             Slain by an orc wizard
             ... wielding a +0 dagger
              (3 damage)
             ... on level 4 of the Dungeon.
             The game lasted 00:00:13 (61 turns).

Kurtz the Sneak (Mummy Delver)                        Turns: 61, Time: 00:00:14

Health: -1/18      AC:  3    Str: 15    XL:     1   Next: 66%
Magic:  1/1        EV: 11    Int:  9    God:
Gold:   0          SH:  0    Dex: 13    Spells: 0/0 levels left

rFire   x . .        a - +0 hand axe
rCold   + . .        (no shield)
rNeg    + + +        b - +0 leather armour
rPois   ∞            (no helmet)
rElec   .            (no cloak)
rCorr   .            (no gloves)
SInv    .            (no boots)
Will    .....        (no amulet)
Stlth   +            (no ring)
HPRegen 0.23/turn    (no ring)
MPRegen 0.07/turn

%: faith
@: confused
A: cold resistance 1, negative energy resistance 3, torment resistance 2, heat
vulnerability 1, in touch with death 1, no potions, faith
a: no special abilities


You were on level 4 of the Dungeon.
You visited 1 branch of the dungeon, and saw 2 of its levels.

Inventory:

Hand Weapons
 a - a +0 hand axe (weapon)
Armour
 b - a +0 leather armour (worn)
Jewellery
 g - a ring of ice
Wands
 f - a wand of digging (3)
Scrolls
 c - a scroll of fog
 d - a scroll of revelation
 e - a scroll of fear
 h - a scroll of teleportation {unknown}


   Skills:
 - Level 3.0 Fighting
 * Level 2.0 Axes
 - Level 1.5 Dodging
 - Level 4.1 Stealth


You couldn't memorise any spells.
You didn't know any spells.
Your spell library was empty.

Dungeon Overview and Level Annotations

Branches:
Dungeon (5/15)
 Temple: D:4-7

Altars:
Ru


Innate Abilities, Weirdness & Mutations

You are immune to poison.
Your flesh is cold resistant. (rC+)
You are immune to negative energy. (rN+++)
You are immune to unholy pain and torment.
You are vulnerable to heat. (rF-)
You are in touch with the powers of death.
You do not drink.
You have a special connection with the divine. (Faith)


Message History

Unknown command.
You hit the orc.
The orc is heavily wounded.
The orc barely misses you.
You closely miss the orc.
The orc is heavily wounded.
The orc wizard gestures wildly while chanting.
The orc wizard flickers and vanishes!
Deactivating autopickup; reactivate with Ctrl-A.
Unknown command.
You hit the orc.
You kill the orc!
Your Axes skill increases to level 2!
You hear some strange, mumbled words.
You are confused.
You see here a +0 dagger.
You are too confused!
You bump into the stone wall.
Something hits you. The orc barely misses you.
Unknown command.
You are too confused!
You bump into the stone wall.
Something hits you. The orc misses you.
You are too confused!
Unknown command.
You barely miss something. You hit the orc.
Something hits you but does no damage. The orc barely misses you.
Unknown command.
You are too confused!
You are too confused!
You closely miss something. You hit the orc.
You hear some strange, mumbled words.
A puff of flame appears from out of thin air!
The puff of flame hits you! The fire burns you terribly!
Ouch! That really hurt!
* * * LOW HITPOINT WARNING * * *
The orc hits you but does no damage. Something hits you.
* * * LOW HITPOINT WARNING * * *
You completely miss the orc.
The orc is severely wounded.
You closely miss something. The orc barely misses you. Something hits you.
You die...

######.######
#...........#
#.####.####.#
#.......#
#.##.##.#
.#.#.#...#.#.##
......._.......
.#.#.#.{o#.#.#.
#.##@##.#
#....)..#
####.#### ...
##.## ... ...
###


You could see an orc.

Vanquished Creatures
  2 orcs (D:4)
  A kobold (D:4)
3 creatures vanquished.

Notes
Turn   | Place    | Note
-------+----------+-------------------------------------------
     0 | D:5      | Kurtz the Mummy Delver began the quest for the Orb.
     0 | D:5      | Reached XP level 1. HP: 18/18 MP: 1/1
    30 | D:4      | Noticed an orc wizard
    37 | D:4      | Found a sacrificial altar of Ru.
    61 | D:4      | Slain by an orc wizard

Illustrated notes

Levels and vault maps discovered:
D:4:      layout_cave_pools, grunt_dithmenos_smoke_and_mirrors,
          elyvilon_altar_5, nicolae_ru_sacrificial_ziggurat, serial_undead,
          serial_undead_c, serial_undead_b, serial_undead_c, serial_undead_a,
          uniq_robin
D:5:      layout_loops_ring, nicolae_wooded_promenade, hangedman_decor_push,
          uniq_crazy_yiuf_cottage, uniq_edmund

Skill      XL: |  1 |
---------------+----+-----
Axes           | 2 |  2.0
Fighting       | |  3.0
Dodging        | |  1.5
Stealth        | |  4.1

Action                     || total
---------------------------++-------
  Melee: Hand axe          ||    11
 Armour: Leather armour    ||    10
  Dodge: Dodged            ||     8

Table legend: (Time is in decaauts)
 A = Elapsed time spent in this place.
 B = Non-inter-level travel time spent in this place.
 C = Inter-level travel time spent in this place.
 D = Time resting spent in this place.
 E = Time spent auto-exploring this place.
 F = Levels seen in this place.
 G = Mean time per level.
                   A        B        C        D        E       F      G
               +--------+--------+--------+--------+--------+-----+--------+
         Total |     62 |     53 |      9 |      0 |     16 |   2 |   31.0 |
       Dungeon |     62 |     53 |      9 |      0 |     16 |   2 |   31.0 |
               +--------+--------+--------+--------+--------+-----+--------+

Top non-repeatable levels by time:
     D:4: 32 daAuts
     D:5: 30 daAuts
